Map: Black Site 2E

Players

ImMcLovin - Winner!

  • Race: Terran Terran
  • Spawn Location: 9:00

FilthyPigDog - Winner!

  • Race: Zerg Zerg
  • League: Gold
  • Spawn Location: 11:00

MrFiddlstix - Winner!

  • Race: Zerg Zerg
  • League: Diamond
  • Spawn Location: 12:00

Cthulhu

  • Race: Zerg Zerg
  • Spawn Location: 3:00

Throwfordays

  • Race: Protoss Protoss
  • League: Silver
  • Spawn Location: 5:00

Faust

  • Race: Zerg Zerg
  • League: Diamond
  • Spawn Location: 6:00

VOD

Have the link to the VOD?

Description

Time

  • Played on: March 17, 2019, 10:44 p.m.
  • Length: 16:01
Show
View Real Time Build Order
Export as new Build Order

ImMcLovin Terran - Winner!

Build Orders:  

Get SALT Encoding   

  12  0:01  SCV  
  13  0:13  SCV  
  14  0:35  SCV  
  15  0:38  Supply Depot  
  15  0:50  Refinery  
  15  0:51  Refinery  
  15  1:02  Barracks  
  15  1:04  Barracks  
  15  1:05  SCV  
  16  1:17  SCV  
  17  1:29  SCV  
  18  1:42  SCV  
  19  1:50  Supply Depot  
  19  2:04  Barracks Reactor  
  19  2:09  Supply Depot  
  19  2:12  Barracks Reactor  
  19  2:17  Orbital Command  
  19  2:35  Factory  
  19  2:45  Reaper  
  19  2:47  Reaper  
  19  2:49  Reaper x2  
  23  3:05  SCV  
  24  3:17  Reaper, SCV  
  24  3:19  Reaper  
  27  3:21  Reaper x2  
  29  3:43  Factory Tech Lab  
  29  3:52  Factory  
  29  3:58  Reaper x2  
  30  4:20  Reaper x2  
  31  4:30  Reaper  
  33  4:40  SCV  
  34  4:52  SCV  
  33  4:59  Siege Tank  
  35  5:04  SCV  
  35  5:10  Starport  
  35  5:15  Factory Tech Lab  
  35  5:16  SCV  
  34  5:31  SCV  
  35  5:36  Command Center  
  35  5:37  Command Center  
  35  5:43  SCV  
  35  5:48  Widow Mine x2  
  35  5:49  Liberator  
  43  5:55  SCV  
  44  6:00  Engineering Bay  
  33  7:03  Widow Mine  
  33  7:04  Widow Mine  
  37  7:08  Liberator  
  37  7:10  SCV  
  41  7:19  Missile Turret  
  41  7:22  SCV, Missile Turret  
  42  7:27  Missile Turret  
  42  7:28  Missile Turret  
  39  7:34  SCV  
  37  7:46  Missile Turret  
  37  7:47  SCV  
  37  7:49  Missile Turret  
  38  7:53  Missile Turret  
  38  7:59  SCV  
  39  8:06  Siege Tank  
  39  8:11  SCV  
  43  8:21  Refinery  
  43  8:23  SCV  
  44  8:30  Refinery  
  44  8:32  Liberator x2  
  50  8:35  SCV, Barracks Tech Lab  
  52  8:41  SCV  
  52  8:47  SCV  
  53  8:53  SCV  
  54  9:22  SCV, Siege Tank x2  
  61  9:27  Supply Depot  
  61  9:29  Orbital Command  
  61  9:32  Supply Depot  
  61  9:34  SCV  
  62  9:44  Command Center  
  62  10:04  SCV x2  
  64  10:16  SCV  
  64  10:18  Starport  
  65  10:21  SCV  
  65  10:23  Armory  
  66  10:47  Siege Tank x2  
  72  10:59  Fusion Core  
  72  11:00  SCV x2  
  74  11:12  SCV x2  
  76  11:43  Liberator x3  
  85  11:47  Siege Tank x2  
  91  12:21  Siege Tank x2  
  97  12:49  Advanced Ballistics  
  97  12:50  Medivac x3  
  103  12:54  Terran Vehicle Weapons Level 1  
  103  12:55  SCV x3  
  103  12:58  Refinery  
  106  12:59  Refinery  
  106  13:07  SCV x3  
  109  13:19  SCV x2  
  108  13:38  Command Center  
  108  13:40  Command Center  
  108  13:43  Supply Depot  
  108  13:45  Supply Depot  
  108  13:46  Orbital Command  
  108  13:54  Liberator  
  108  13:59  Liberator  
  109  14:04  Liberator  
  110  14:37  Liberator  
  113  14:58  Liberator x2  
Show
View Real Time Build Order
Export as new Build Order

FilthyPigDog Zerg - Winner!

Build Orders: Hatch First 

Get SALT Encoding   

  12  0:02  Drone  
  13  0:09  Drone  
  14  0:14  Extractor  
  14  0:16  Drone  
  15  0:27  Overlord  
  15  0:46  Drone  
  15  0:47  Drone x2  
  18  1:02  Drone  
  19  1:07  Hatchery  
  19  1:09  Extractor  
  18  1:11  Drone  
  18  1:19  Drone  
  19  1:26  Spawning Pool  
  19  1:30  Drone  
  19  1:42  Overlord  
  19  1:51  Drone  
  20  2:13  Queen  
  20  2:14  Metabolic Boost  
  22  2:19  Queen  
  24  2:26  Zergling x6  
  24  2:27  Zergling x2  
  28  2:36  Baneling Nest  
  27  2:58  Queen  
  27  3:00  Queen  
  31  3:38  Zergling x10  
  31  3:40  Overlord x3  
  31  3:41  Overlord  
  33  4:12  Baneling x2  
  33  4:13  Zergling x2  
  33  4:14  Zergling x16  
  35  4:54  Extractor  
  35  4:55  Drone  
  35  4:56  Drone x4  
  35  4:57  Drone  
  40  5:04  Lair  
  40  5:05  Pneumatized Carapace  
  40  5:27  Drone x4  
  44  5:35  Spore Crawler  
  43  5:37  Spore Crawler  
  42  5:54  Queen  
  44  6:04  Queen  
  44  6:09  Hydralisk Den  
  45  6:19  Spore Crawler  
  45  6:20  Spore Crawler  
  45  6:21  Drone x11  
  45  6:24  Extractor  
  50  6:26  Extractor  
  49  6:41  Muscular Augments  
  49  6:42  Hydralisk x2  
  53  7:20  Drone x3  
  53  7:21  Drone x5  
  53  7:22  Hatchery  
  60  7:27  Hydralisk  
  60  7:28  Hydralisk  
  64  7:46  Hydralisk  
  64  7:49  Overlord x3  
  66  7:53  Grooved Spines  
  66  8:10  Evolution Chamber  
  65  8:13  Evolution Chamber  
  65  8:16  Drone  
  65  8:17  Drone x7, Infestation Pit  
  71  8:39  Zerg Melee Weapons Level 1  
  71  8:40  Zerg Missile Weapons Level 1  
  71  8:47  Hydralisk x3  
  71  8:48  Hydralisk x3  
  83  9:13  Zergling x2  
  83  9:14  Zergling x14  
  89  9:32  Hive  
  89  9:50  Overlord x3  
  89  9:51  Overlord x2  
  89  10:14  Drone x9  
  90  10:15  Drone x3  
  88  11:32  Zerg Melee Weapons Level 2  
  88  11:33  Zerg Missile Weapons Level 2  
  88  11:42  Ultralisk Cavern  
  87  11:49  Drone x7  
  87  11:50  Extractor, Drone x2  
  87  11:53  Spore Crawler  
  94  11:55  Spore Crawler  
  93  12:41  Chitinous Plating  
  93  12:43  Ultralisk x4  
  93  12:44  Ultralisk x2  
  129  12:47  Overlord x3  
  129  12:48  Overlord x2  
  117  13:27  Ultralisk x3, Hydralisk  
  117  13:28  Hydralisk x5  
  145  13:49  Zerg Ground Armor Level 1  
  145  13:52  Evolution Chamber  
  144  13:59  Anabolic Synthesis  
  144  14:13  Hydralisk x7  
  144  14:14  Hydralisk x2  
  122  14:59  Ultralisk x4  
  114  15:11  Ultralisk x2  
  114  15:12  Zergling x2  
  114  15:13  Zergling x10  
  132  15:19  Extractor  
Show
View Real Time Build Order
Export as new Build Order

MrFiddlstix Zerg - Winner!

Build Orders: Pool First 

Get SALT Encoding   

  12  0:01  Drone  
  13  0:14  Overlord  
  13  0:21  Drone  
  14  0:32  Drone x2  
  16  0:38  Drone  
  17  0:45  Extractor  
  17  0:48  Drone  
  17  0:58  Drone  
  17  1:03  Spawning Pool  
  17  1:09  Drone  
  18  1:27  Hatchery  
  18  1:32  Drone  
  18  1:33  Drone  
  19  1:49  Metabolic Boost  
  19  1:50  Queen  
  19  1:53  Zergling x2  
  22  2:01  Overlord  
  22  2:20  Zergling x4  
  24  2:28  Queen  
  26  2:34  Roach Warren  
  25  2:40  Queen  
  25  2:41  Drone  
  28  2:48  Drone x2  
  30  2:53  Drone  
  30  2:54  Drone  
  32  3:01  Drone  
  32  3:02  Drone  
  34  3:06  Overlord  
  34  3:15  Drone x2  
  36  3:31  Drone x4  
  40  3:51  Drone  
  40  3:52  Drone x3  
  44  3:59  Overlord x2  
  44  4:00  Overlord  
  42  4:24  Lair, Extractor x2  
  41  4:26  Extractor  
  38  4:41  Drone  
  38  4:42  Drone x4  
  38  4:43  Overlord x3  
  43  5:05  Roach  
  43  5:06  Roach x6  
  57  5:17  Hatchery  
  56  5:31  Spore Crawler  
  56  5:32  Spore Crawler  
  56  5:35  Spore Crawler  
  47  5:43  Spire  
  46  6:08  Drone  
  46  6:09  Drone x10  
  57  6:56  Queen  
  57  6:57  Mutalisk x11  
  81  7:20  Zerg Flyer Weapons Level 1  
  79  7:42  Drone x4  
  79  7:43  Drone x4  
  87  7:52  Mutalisk x3, Overlord x2  
  87  7:53  Mutalisk  
  95  8:22  Mutalisk x4  
  103  8:46  Drone x4  
  103  8:47  Drone  
  108  8:48  Extractor  
  108  8:49  Extractor  
  106  9:07  Drone  
  107  9:14  Zerg Flyer Armor Level 1, Mutalisk  
  107  9:15  Mutalisk x2  
  107  9:17  Overlord  
  111  9:53  Mutalisk  
  111  9:54  Mutalisk x4  
  105  10:32  Mutalisk x5  
  115  10:42  Hatchery  
  114  10:53  Mutalisk  
  114  10:54  Mutalisk x2  
  120  11:08  Zerg Flyer Weapons Level 2  
  120  11:25  Mutalisk x5  
  112  11:30  Extractor x2  
  118  11:41  Drone  
  118  11:42  Drone x3  
  118  11:46  Overlord x2  
  118  11:47  Overlord x6  
  122  11:59  Overlord  
  122  12:00  Overlord x3  
  118  12:26  Drone x2  
  120  12:42  Mutalisk x11  
  142  12:51  Hatchery  
  141  13:00  Hatchery  
  136  13:16  Mutalisk  
  136  13:17  Mutalisk x4  
  142  13:23  Zerg Flyer Armor Level 2  
  142  13:31  Overlord x4  
  136  13:43  Mutalisk x4  
  136  13:44  Mutalisk  
  146  14:06  Drone x2  
  146  14:07  Drone x3  
  146  14:08  Drone x3  
  146  14:09  Drone x2  
  144  14:41  Mutalisk x4  
  144  14:42  Mutalisk x5  
  154  14:46  Drone x3  
  154  14:48  Mutalisk  
  154  14:49  Extractor x2, Mutalisk  
  157  15:24  Mutalisk x8  
Show
View Real Time Build Order
Export as new Build Order

Cthulhu Zerg 

Build Orders: Hatch First 

Get SALT Encoding   

  12  0:01  Drone  
  13  0:09  Drone  
  14  0:17  Extractor  
  14  0:18  Drone  
  15  0:42  Hatchery  
  14  0:51  Overlord  
  14  0:58  Extractor x2  
  14  1:02  Drone x2  
  14  1:17  Spawning Pool  
  13  1:20  Drone  
  14  1:31  Drone  
  15  1:33  Drone  
  16  1:45  Drone  
  17  1:48  Drone  
  18  2:04  Lair  
  18  2:07  Drone  
  19  2:12  Drone  
  20  2:18  Drone  
  21  2:24  Drone  
  21  2:25  Drone  
  23  2:33  Drone  
  24  2:41  Zergling x2  
  24  2:42  Zergling x2  
  24  2:43  Drone  
  27  2:50  Overlord  
  27  3:03  Spire  
  26  3:09  Drone  
  26  3:10  Drone  
  28  3:13  Drone  
  28  3:15  Drone  
  28  3:17  Drone  
  29  3:30  Spine Crawler  
  29  3:32  Spine Crawler  
  27  3:41  Spine Crawler  
  27  3:45  Spine Crawler  
  27  3:46  Drone x2  
  27  3:50  Drone  
  28  4:12  Overlord  
  28  4:13  Overlord x2  
  28  4:37  Mutalisk  
  28  4:38  Mutalisk x5  
  40  5:00  Drone x3  
  43  5:09  Drone  
  43  5:11  Queen  
  43  5:12  Queen  
  40  6:33  Zergling x2  
  40  6:34  Zergling x10  
  46  6:41  Infestation Pit  
  45  6:58  Mutalisk  
  45  6:59  Mutalisk x3  
  53  7:05  Zerg Flyer Weapons Level 1  
  51  7:56  Queen  
  53  8:02  Evolution Chamber  
  36  8:20  Queen  
  31  8:31  Spore Crawler  
  31  8:32  Queen  
  31  8:33  Spore Crawler x2  
  29  8:36  Drone  
  29  8:37  Drone x8  
  38  8:44  Spore Crawler  
  38  8:45  Spore Crawler  
  36  8:54  Spore Crawler  
  35  9:08  Drone x2  
  35  9:09  Drone x2  
  41  9:10  Drone x3  
  41  9:18  Metabolic Boost  
  41  9:21  Overlord  
  41  9:22  Overlord  
  41  9:23  Drone  
  42  9:27  Hive  
  42  9:28  Zerg Flyer Weapons Level 2  
  42  9:33  Extractor  
  42  9:35  Extractor  
  38  10:34  Corruptor  
  38  10:35  Corruptor x6  
  38  10:42  Drone x5  
  48  11:37  Drone x8  
  48  11:38  Drone x4  
  60  11:45  Greater Spire  
  58  12:22  Corruptor  
  46  12:23  Corruptor x7  
  62  12:35  Spore Crawler  
  61  12:43  Infestor  
  63  12:54  Zergling x4, Overlord x4  
  42  13:42  Infestor  
  44  13:52  Hatchery  
  27  14:42  Infestor x2  
Show
View Real Time Build Order
Export as new Build Order

Throwfordays Protoss 

Build Orders: Colossus Rush 

Get SALT Encoding   

  1  0:00  Probe  
  13  0:07  Probe  
  14  0:15  Probe  
  15  0:23  Pylon  
  15  0:41  Gateway, Probe  
  16  0:45  Assimilator  
  16  0:56  Probe  
  17  1:08  Probe  
  17  1:09  Forge  
  18  1:20  Assimilator, Probe  
  19  1:28  Cybernetics Core  
  19  1:32  Probe  
  20  1:48  Pylon  
  20  1:54  Probe  
  21  2:05  Robotics Facility  
  21  2:06  Probe  
  22  2:16  Warp Gate  
  22  2:18  Probe  
  23  2:23  Nexus  
  23  2:37  Probe  
  24  2:49  Probe  
  25  2:53  Robotics Bay  
  25  3:00  Observer  
  25  3:01  Probe  
  27  3:10  Assimilator  
  27  3:13  Probe  
  27  3:15  Assimilator  
  27  3:18  Pylon  
  28  3:25  Photon Cannon  
  28  3:26  Probe  
  29  3:29  Pylon  
  29  3:37  Photon Cannon  
  29  3:43  Colossus  
  18  4:39  Probe  
  19  4:48  Probe  
  20  4:56  Probe x2  
  21  5:05  Probe  
  22  5:08  Probe  
  22  5:13  Probe  
  24  5:20  Probe  
  26  5:23  Probe  
  27  5:30  Probe  
  27  5:31  Probe  
  28  5:38  Probe  
  28  5:39  Probe  
  30  5:47  Probe  
  31  5:50  Probe  
  33  5:59  Probe  
  34  6:08  Probe  
  34  6:10  Probe  
  36  6:15  Colossus  
  42  6:19  Probe  
  42  6:20  Probe  
  44  6:27  Probe  
  45  6:34  Extended Thermal Lance  
  45  6:37  Probe  
  45  6:39  Probe  
  47  6:49  Nexus, Probe  
  47  6:51  Assimilator, Probe  
  49  6:56  Assimilator  
  49  6:59  Pylon  
  49  7:00  Protoss Ground Weapons Level 1  
  49  7:01  Pylon, Probe  
  49  7:04  Probe  
  51  7:14  Probe  
  52  7:17  Probe  
  53  7:29  Probe  
  54  7:35  Probe  
  55  7:38  Probe  
  55  7:43  Probe  
  56  7:46  Probe  
  56  7:51  Colossus, Probe  
  58  7:56  Probe  
  66  8:06  Photon Cannon  
  66  8:10  Photon Cannon  
  66  8:12  Photon Cannon x2  
  66  8:15  Photon Cannon  
  66  8:20  Photon Cannon  
  66  8:21  Photon Cannon  
  66  8:22  Photon Cannon  
  66  8:24  Photon Cannon  
  66  8:29  Photon Cannon  
  66  8:36  Probe  
  67  8:43  Probe  
  67  8:44  Probe  
  67  8:45  Probe  
  69  8:51  Probe  
  69  8:54  Probe  
  71  8:56  Probe  
  71  8:58  Pylon  
  71  9:00  Probe  
  71  9:01  Pylon  
  73  9:05  Pylon  
  73  9:06  Probe  
  73  9:08  Probe  
  76  9:11  Pylon, Stalker  
  76  9:13  Probe  
  79  9:17  Pylon  
  79  9:19  Probe  
  79  9:22  Pylon  
  80  9:25  Gateway, Probe  
  80  9:28  Gateway  
  80  9:30  Gateway  
  81  9:33  Forge  
  81  9:35  Forge  
  81  9:41  Twilight Council  
  81  9:43  Stalker  
  81  9:45  Gateway  
  83  9:47  Gateway  
  83  10:06  Gateway  
  83  10:08  Gateway  
  83  10:18  Nexus  
  83  10:19  Probe  
  83  10:21  Pylon  
  84  10:24  Pylon  
  84  10:25  Probe  
  85  10:28  Probe  
  85  10:31  Probe  
  87  10:37  Robotics Facility, Probe  
  87  10:40  Probe  
  89  10:43  Probe  
  89  10:49  Probe  
  91  10:50  Stalker  
  91  10:51  Stalker  
  91  10:52  Stalker  
  91  10:53  Stalker x2, Probe  
  91  10:56  Probe  
  103  11:05  Probe  
  103  11:08  Probe  
  105  11:17  Probe  
  106  11:28  Protoss Ground Weapons Level 2  
  106  11:32  Protoss Ground Armor Level 1, Protoss Shields Level 1  
  106  11:34  Probe  
  106  11:39  Robotics Facility  
  107  11:41  Robotics Facility  
  107  11:43  Robotics Facility  
  107  11:46  Probe  
  108  11:58  Probe  
  109  12:04  Pylon  
  109  12:08  Stalker x6  
  115  12:09  Stalker x2  
  115  12:11  Probe  
  126  12:23  Probe  
  126  12:29  Gravitic Boosters  
  125  12:32  Blink  
  97  12:51  Gateway  
  97  13:05  Stargate  
  97  13:06  Stargate  
  97  13:08  Stargate  
  97  13:11  Pylon  
  97  13:13  Pylon  
  97  13:36  Stalker x4  
  97  13:37  Stalker x4  
  113  13:53  Stargate  
  113  13:55  Stargate  
  113  13:56  Fleet Beacon  
  113  13:58  Cybernetics Core  
  113  14:00  Protoss Air Weapons Level 1  
  113  14:09  Immortal x2  
  129  14:10  Immortal x3  
  129  14:13  Phoenix x3  
  139  14:24  Stalker x3  
  139  14:25  Stalker x6  
  140  14:38  Phoenix x3  
  130  14:44  Phoenix x2  
  132  14:48  Anion Pulse-Crystals  
  132  15:03  Phoenix x3  
  133  15:09  Phoenix x2  
  127  15:28  Phoenix x3  
  111  15:34  Phoenix  
Show
View Real Time Build Order
Export as new Build Order

Faust Zerg 

Build Orders: Hatch First, Swarm Host 

Get SALT Encoding   

  12  0:01  Drone  
  13  0:08  Drone  
  14  0:14  Extractor  
  14  0:15  Drone  
  15  0:23  Overlord  
  15  0:41  Drone  
  15  0:42  Drone  
  17  0:54  Hatchery  
  16  0:57  Drone  
  16  1:00  Drone  
  18  1:04  Extractor  
  17  1:15  Spawning Pool  
  16  1:19  Drone  
  16  1:23  Drone  
  18  1:50  Drone, Overlord  
  19  2:06  Metabolic Boost  
  19  2:08  Queen x2  
  23  2:10  Drone x2  
  23  2:13  Drone  
  26  2:17  Drone  
  26  2:20  Drone  
  28  2:30  Drone, Overlord  
  28  2:36  Baneling Nest  
  28  2:39  Drone  
  28  2:41  Drone  
  30  2:47  Overlord  
  30  2:49  Drone  
  31  2:59  Drone  
  31  3:00  Drone  
  31  3:03  Lair  
  33  3:06  Drone  
  34  3:13  Drone  
  34  3:16  Drone x3  
  38  3:24  Zergling x2  
  38  3:25  Zergling x6  
  42  3:30  Zergling x4  
  44  3:36  Spine Crawler  
  44  3:39  Spine Crawler  
  44  3:40  Drone x2  
  44  3:46  Baneling x3  
  44  3:51  Drone x2  
  46  3:57  Overlord x2  
  46  4:03  Zergling x6  
  46  4:04  Zergling x2  
  49  4:43  Hydralisk Den  
  49  4:44  Extractor  
  49  4:45  Drone x4  
  46  4:46  Drone x2  
  49  5:01  Extractor, Drone x3  
  49  5:02  Drone x2  
  49  5:03  Extractor  
  51  5:17  Hatchery  
  51  5:20  Zergling x2  
  51  5:21  Zergling x6  
  50  5:34  Evolution Chamber  
  49  5:38  Evolution Chamber  
  49  5:40  Hydralisk x6  
  49  5:41  Hydralisk  
  62  5:45  Drone  
  63  5:58  Drone  
  63  6:00  Drone x4  
  68  6:12  Baneling x4  
  68  6:13  Baneling x2  
  68  6:19  Overlord  
  68  6:20  Overlord x3  
  68  6:24  Overlord  
  68  6:25  Overlord  
  64  6:54  Hydralisk x2  
  64  6:55  Hydralisk x4  
  64  6:56  Drone x2  
  64  6:57  Queen, Drone x2  
  82  7:03  Muscular Augments  
  82  7:05  Zerg Missile Weapons Level 1  
  82  7:08  Zerg Ground Armor Level 1  
  82  7:10  Drone x4  
  86  7:28  Hatchery  
  73  7:39  Hydralisk x4  
  73  7:40  Hydralisk x3  
  85  7:48  Extractor, Drone x2  
  85  7:49  Drone x2  
  85  7:50  Extractor, Drone x2  
  89  7:51  Drone  
  90  8:06  Spore Crawler  
  90  8:09  Spore Crawler  
  88  8:14  Grooved Spines  
  88  8:16  Spore Crawler x2  
  88  8:18  Spore Crawler  
  85  8:35  Drone x5  
  85  8:36  Drone x2  
  85  8:40  Drone  
  85  8:41  Drone x9  
  102  8:45  Hydralisk  
  102  8:46  Hydralisk x2  
  108  8:51  Queen  
  110  8:57  Hydralisk x2  
  110  8:58  Hydralisk x2  
  118  9:06  Lurker Den  
  118  9:08  Infestation Pit  
  116  9:11  Zerg Ground Armor Level 2, Zerg Missile Weapons Level 2  
  114  9:26  Overlord x3  
  114  9:27  Overlord x5  
  114  9:31  Spore Crawler  
  114  9:33  Spore Crawler  
  114  9:34  Spore Crawler  
  110  9:44  Overlord x3  
  110  9:45  Overlord  
  104  9:46  Hydralisk  
  104  9:47  Hydralisk x7  
  114  9:58  Drone  
  114  9:59  Drone x4  
  119  10:00  Queen  
  119  10:05  Queen  
  123  10:09  Spore Crawler x2  
  109  10:38  Hydralisk  
  109  10:39  Hydralisk x5  
  109  10:41  Burrow  
  121  10:45  Drone  
  121  10:46  Drone x5  
  121  10:47  Drone  
  128  10:50  Spore Crawler x3  
  128  10:52  Spore Crawler, Drone x3  
  128  10:53  Drone x5  
  132  11:09  Drone  
  132  11:10  Drone  
  130  11:25  Drone x2  
  118  11:26  Drone x2  
  118  11:28  Extractor  
  118  11:29  Extractor, Drone x5  
  123  11:36  Spore Crawler  
  123  11:38  Spore Crawler  
  123  11:39  Spore Crawler  
  120  11:40  Spore Crawler  
  119  11:52  Queen  
  119  11:53  Drone  
  119  11:54  Drone x4  
  124  11:55  Drone  
  123  12:15  Hatchery  
  115  12:36  Hydralisk  
  117  12:37  Hydralisk x2  
  95  13:20  Swarm Host x6  
  95  13:21  Swarm Host  
  95  13:23  Hydralisk x4  
  148  14:01  Hydralisk x9  
  144  14:25  Hydralisk  
  144  14:26  Hydralisk x8  
  106  14:41  Hydralisk x3  
  106  14:42  Hydralisk x2  
  60  15:09  Hydralisk  
  60  15:10  Hydralisk x6  
  68  15:18  Hydralisk x3  
  68  15:19  Hydralisk x3  
Tags
 
Add a new tag
Caveats
  • Supply blocks, unpowered buildings, or Contaminate may cause inaccurate times.
  • Supply counts are checked every 10 seconds.